 Dungeon Crawl Stone Soup version 0.24-a0-479-g9a978d2894 (webtiles) character file.

Game seed: 6332680217172586995

3685 PgLoLo the Fighter (level 10, -3/85 HPs)
             Began as a Formicid Fighter on July 6, 2019.
             Was a Priest of Okawaru.
             Slain by a two-headed ogre
             ... wielding a +0 giant club
              (11 damage)
             ... on level 8 of the Dungeon.
             The game lasted 00:18:39 (9815 turns).

PgLoLo the Fighter (Formicid Fighter)               Turns: 9815, Time: 00:18:39

Health: -3/85      AC: 13    Str: 24    XL:     10   Next: 35%
Magic:  10/10      EV:  8    Int:  8    God:    Okawaru [***...]
Gold:   461        SH: 11    Dex: 10    Spells: 9/9 levels left

rFire    + + .     SeeInvis +   a - +2 battleaxe (curse)
rCold    + . .     Gourm    .   c - +0 shield
rNeg     . . .     Faith    .   u - +1 chain mail {rF+}
rPois    .         Spirit   .   (helmet unavailable)
rElec    .         Reflect  .   n - scarf {rC+ rF+}
rCorr    .         Harm     .   (no gloves)
MR       +....                  z - +0 pair of boots
Stlth    ..........             (no amulet)
HPRegen  0.24/turn              (no ring)
MPRegen  0.12/turn              (no ring)

@: no status effects
A: permanent stasis, dig shafts and tunnels, four strong arms, antennae 3
a: Dig, Shaft Self, Heroism, Renounce Religion


You were on level 8 of the Dungeon.
You worshipped Okawaru.
Okawaru was most pleased with you.
You were not hungry.

You visited 2 branches of the dungeon, and saw 9 of its levels.

You collected 461 gold pieces.

Inventory:

Hand Weapons
 a - a cursed +2 battleaxe (weapon)
 b - a +0 shortbow of flaming
 E - a +0 war axe
Missiles
 g - 2 boomerangs (quivered)
 i - 63 arrows
 q - 155 bolts
 y - 5 javelins
Armour
 c - a +0 shield (worn)
 n - a scarf of resistance (worn)
 u - a +1 chain mail of fire resistance (worn)
 z - a +0 pair of boots (worn)
 I - a +2 cloak of invisibility
Wands
 w - a wand of iceblast (9)
 A - a wand of digging (5)
 D - a wand of flame (16)
Scrolls
 h - 3 scrolls of identify
 j - 2 scrolls of random uselessness {unknown}
 k - 3 scrolls of remove curse
 m - a scroll of enchant armour {unknown}
 r - 3 scrolls of fog {unknown}
 s - 2 scrolls of amnesia {unknown}
 v - 2 scrolls of blinking {unknown}
 C - a scroll of magic mapping {unknown}
 L - 2 scrolls of teleportation {unknown}
Potions
 e - 8 potions of curing
 l - 4 potions of magic
 o - 2 potions of brilliance
 p - 2 potions of degeneration
 t - a potion of cancellation {unknown}
 x - 2 potions of flight {unknown}
 B - a potion of lignification {unknown}
 F - a potion of resistance {unknown}
 G - a potion of agility {unknown}
 H - a potion of ambrosia {unknown}
 J - a potion of heal wounds {unknown}
 K - a potion of might
Comestibles
 f - 4 rations


   Skills:
 * Level 10.2 Fighting
 * Level 7.2 Axes
 + Level 7.6 Armour
 + Level 8.3 Shields


You had 9 spell levels left.
You didn't know any spells.
Your spell library contained the following spells:

 Spells                   Type           Power        Failure   Level  Hunger
 Animate Skeleton         Necr           N/A          97%         1    ##.....
 Apportation              Tloc           #.....       97%         1    ##.....
 Confusing Touch          Hex            #.....       97%         1    ##.....
 Infusion                 Chrm           #...         97%         1    ##.....
 Summon Small Mammal      Summ           #...         97%         1    ##.....
 Shroud of Golubria       Chrm/Tloc      #.....       99%         2    ###....
 Song of Slaying          Chrm           #.......     99%         2    ###....
 Regeneration             Chrm/Necr      #.........   100%        3    ####...
 Spectral Weapon          Hex/Chrm       #.......     100%        3    ####...


Dungeon Overview and Level Annotations

Branches:
Dungeon (8/15)             Temple (1/1) D:5
   Lair: D:8-11

Altars:
Ashenzari
Cheibriados
Dithmenos
Elyvilon
Fedhas
Gozag
Hepliaklqana
Kikubaaqudgha
Makhleb
Nemelex Xobeh
Okawaru
Qazlal
Ru
Sif Muna
Trog
Uskayaw
Vehumet
Wu Jian
Xom
Yredelemnul
Zin
The Shining One

Shops:
D:4 :   D:6 }


Innate Abilities, Weirdness & Mutations

You cannot be hasted, slowed, berserked, paralysed or teleported.
You can dig through walls and to a lower floor.
Your four strong arms can wield two-handed weapons with a shield.
You have a pair of large antennae on your head. (SInv)


Message History

The two-headed ogre is heavily wounded.
The two-headed ogre barely misses you. You block the two-headed ogre's attack.
You hit the two-headed ogre.
The two-headed ogre is heavily wounded.
The two-headed ogre completely misses you.
The two-headed ogre barely misses you.
You slash the two-headed ogre!
The two-headed ogre is severely wounded.
The two-headed ogre hits you with a +0 giant club!
* * * LOW HITPOINT WARNING * * *
The two-headed ogre barely misses you.
You slash the two-headed ogre!
The two-headed ogre is severely wounded.
The two-headed ogre barely misses you. You block the two-headed ogre's attack.
You slash the two-headed ogre!
The two-headed ogre is almost dead.
The two-headed ogre hits you with a +0 giant club!
* * * LOW HITPOINT WARNING * * *
The two-headed ogre hits you with a cursed -3 giant spiked club!
You die...

##....# #....#... ##
##........ ##
..#####........###..
...............#...
..................#
.............)....##
.................O.#
................@#
.................#
.................#
...†.........#.#.##
...........#####..#
.<.........# #..#
..........## #..####
..........# #..##.#
..........# #....##


You could see a two-headed ogre.

Vanquished Creatures
  Pikel (D:6)
  A centaur skeleton (D:7)
  A troll (D:8)
  Eustachio (D:6)
  2 sky beasts (D:8)
  A black bear (D:8)
  An orc warrior (D:6)
  A centaur (D:6)
  3 ogres
  A big kobold (D:8)
  2 bullfrogs
  A gnoll sergeant (D:7)
  2 scorpions
  10 wights
  A howler monkey (D:5)
  3 crimson imps
  A quasit (D:5)
  A centaur zombie (D:7)
  A hound (D:8)
  Crazy Yiuf (D:7)
  3 orc priests
  2 bullfrog skeletons
  4 orc wizards
  3 iguanas
  9 worker ants
  13 adders
  7 gnolls
  An ooze (D:3)
  3 adder zombies
  3 worms
  A dart slug (D:2)
  3 leopard geckos
  20 orcs
  6 ball pythons
  4 giant cockroaches
  11 hobgoblins
  15 jackals
  3 quokkas
  6 bats
  3 frilled lizards
  4 goblins
  13 kobolds
  2 leopard gecko skeletons
  A leopard gecko zombie (D:5)
  6 rats
  2 plants (D:3)
184 creatures vanquished.

Vanquished Creatures (others)
  A worker ant (D:6)
  An adder zombie (D:6)
2 creatures vanquished.

Grand Total: 186 creatures vanquished

Notes
Turn   | Place    | Note
-------+----------+-------------------------------------------
     0 | D:1      | PgLoLo the Formicid Fighter began the quest for the Orb.
     0 | D:1      | Reached XP level 1. HP: 18/18 MP: 1/1
     0 | D:1      | Noticed a vine stalker
     1 | D:1      | Noticed a ghoul
     3 | D:1      | Noticed a gargoyle
     3 | D:1      | Noticed a naga
     7 | D:1      | Noticed a felid
     8 | D:1      | Noticed a ghoul
    10 | D:1      | Noticed a minotaur
    10 | D:1      | Noticed a gargoyle
    12 | D:1      | Noticed an ogre
    12 | D:1      | Noticed a dwarf
    14 | D:1      | Noticed an ogre
    14 | D:1      | Noticed a draconian
    16 | D:1      | Noticed a vine stalker
    16 | D:1      | Noticed a dwarf
    18 | D:1      | Noticed a troll
    18 | D:1      | Noticed a vine stalker
    20 | D:1      | Noticed a vampire
   137 | D:1      | Reached XP level 2. HP: 24/24 MP: 2/2
   563 | D:2      | Found a glowing golden altar of the Shining One.
   592 | D:2      | Reached XP level 3. HP: 27/30 MP: 3/3
   771 | D:2      | Reached skill level 4 in Fighting
  1114 | D:2      | Reached XP level 4. HP: 36/37 MP: 4/4
  1181 | D:2      | Found a sacrificial altar of Ru.
  1487 | D:3      | Reached XP level 5. HP: 43/43 MP: 5/5
  2541 | D:3      | Reached skill level 5 in Fighting
  2541 | D:3      | Reached XP level 6. HP: 51/51 MP: 6/6
  2931 | D:4      | Noticed an ogre
  2941 | D:4      | Killed an ogre
  3426 | D:4      | Reached skill level 5 in Shields
  3656 | D:4      | Reached XP level 7. HP: 57/57 MP: 7/7
  4171 | D:4      | Reached skill level 6 in Fighting
  4583 | D:4      | Found Xaqasoy's Book Boutique.
  4696 | D:5      | Entered Level 5 of the Dungeon
  4778 | D:5      | Reached skill level 5 in Armour
  4813 | D:5      | Found a blossoming altar of Fedhas.
  4905 | D:5      | Reached XP level 8. HP: 38/65 MP: 8/8
  5326 | D:5      | Found a hazy altar of Hepliaklqana.
  5365 | D:5      | Found a staircase to the Ecumenical Temple.
  5388 | Temple   | Entered the Ecumenical Temple
  5464 | Temple   | Became a worshipper of Warmaster Okawaru
  6041 | D:6      | Noticed Pikel
  6070 | D:6      | Killed Pikel
  6070 | D:6      | Reached * piety under Okawaru
  6070 | D:6      | Reached skill level 7 in Fighting
  6265 | D:6      | Reached XP level 9. HP: 58/74 MP: 9/9
  6347 | D:6      | Noticed Eustachio
  6377 | D:6      | Killed Eustachio
  6377 | D:6      | Reached skill level 8 in Fighting
  6377 | D:6      | Reached skill level 5 in Axes
  6569 | D:6      | Found Exuesit's Gadget Boutique.
  7798 | D:7      | Reached skill level 9 in Fighting
  7833 | D:7      | Reached ** piety under Okawaru
  7916 | D:7      | Noticed a +0 hand axe
  7917 | D:7      | Found a hide-covered altar of Uskayaw.
  7917 | D:7      | Noticed a +0 dagger
  8579 | D:7      | Found a runed translucent door.
  8580 | D:7      | Noticed Crazy Yiuf
  8585 | D:7      | Killed Crazy Yiuf
  8655 | D:7      | Reached XP level 10. HP: 71/83 MP: 10/10
  9367 | D:8      | Reached skill level 10 in Fighting
  9441 | D:8      | Reached *** piety under Okawaru
  9531 | D:8      | Found a radiant altar of Vehumet.
  9805 | D:8      | Noticed a two-headed ogre
  9815 | D:8      | Slain by a two-headed ogre

Levels and vault maps discovered:
D:1:      shiori_arrival_whats_in_store_for_you, layout_rooms
D:2:      layout_rooms, tso_metal_star, old_standard_altar
D:3:      layout_loops_ring, kennysheep_cross_bottleneck, serial_bayou_pond_a
D:4:      layout_basic, serial_shops, kennysheep_mini_moat
D:5:      layout_basic, nicolae_overflow_hidden_temple, old_standard_altar,
          minmay_temple_entry_tees, first_ration
D:6:      nicolae_whirlpool, layout_loops_ring, serial_shops,
          nicolae_shop_window_shopping, uniq_pikel, uniq_eustachio
D:7:      layout_rooms, dancing_weapons_uskayaw, kennysheep_pointless_box,
          uniq_crazy_yiuf_cottage
D:8:      layout_layer_cave, old_standard_altar
Temple:   eino_temple_rhombus

Skill      XL: |  1  2  3  4  5  6  7  8  9 10 |
---------------+-------------------------------+-----
Shields        | 4 5 6 7 8 |  8.3
Fighting       | 4 5 6 7 9 10 | 10.2
Armour         | 4 5 6 7 |  7.6
Axes           | 3 4 6 7 |  7.2

Action                   |  1- 3 |  4- 6 |  7- 9 | 10-12 || total
-------------------------+-------+-------+-------+-------++-------
Melee: War axe           |   107 |   285 |   232 |       ||   624
       Battleaxe         |       |       |   100 |    85 ||   185
 Fire: Hunting sling     |       |     1 |    40 |       ||    41
 Abil: Dig               |       |       |     2 |       ||     2
  Use: Scroll            |       |     5 |     2 |       ||     7
       Potion            |       |       |       |     1 ||     1
  Eat: Chunk             |     1 |     9 |    12 |     5 ||    27
       Ration            |       |       |     1 |       ||     1
Armor: Scale mail        |     8 |       |       |       ||     8
       Chain mail        |    87 |   132 |   216 |    44 ||   479
Dodge: Dodged            |    45 |    63 |   124 |    33 ||   265
Block: Shield            |    71 |   138 |   246 |    56 ||   511

Table legend:
 A = Non-vault XP
 B = Vault XP
 C = Vault XP percentage of total XP
 D = Non-vault monster count
 E = Vault monster count
 F = Vault count percentage of total count
                 A         B        C        D         E       F
            +---------+---------+-------+---------+---------+-------
      Total |    4247 |    1018 |  19.3 |     178 |       4 |   2.2
            +---------+---------+-------+---------+---------+-------
        D:1 |      19 |       0 |   0.0 |      13 |       0 |   0.0
        D:2 |      97 |       0 |   0.0 |      25 |       0 |   0.0
        D:3 |     154 |       0 |   0.0 |      41 |       0 |   0.0
        D:4 |     499 |       0 |   0.0 |      24 |       0 |   0.0
        D:5 |     426 |       0 |   0.0 |      19 |       0 |   0.0
        D:6 |     343 |     977 |  74.0 |       9 |       3 |  25.0
        D:7 |    1532 |      41 |   2.6 |      27 |       1 |   3.6
        D:8 |    1177 |       0 |   0.0 |      20 |       0 |   0.0
            +---------+---------+-------+---------+---------+-------
